[Event "Titled Tuesday Blitz July 25 Early 2023"]
[White "Ambartsumova, Karina"]
[Black "Gardezi, Arsal"]
[WhiteFideId "4166299"]
[BlackFideId "30949521"]
[WhiteElo "2561"]
[BlackElo "2237"]
[Result "0-1"]
[Round "1"]
[TimeControl "180+2"]
[Date "2023.07.25"]
[WhiteClock "0:00:03"]
[BlackClock "0:00:28"]
[Board "204"]

1. e4 e5 2. Nf3 Nc6 3. Bc4 Nf6 4. Ng5 d5 5. exd5 Na5 6. Bb5+ c6 7. dxc6 bxc6 8. Be2 h6 9. Nf3 e4 10. Ng1 Bd6 11. d3 Bf5 12. Nc3 O-O 13. dxe4 Nxe4 14. Nxe4 Bxe4 15. Nf3 Qc7 16. O-O Bxf3 17. Bxf3 Bxh2+ 18. Kh1 Be5 19. c3 Nc4 20. Qa4 Nd6 21. Qxc6 Qe7 22. g3 Rac8 23. Qd5 Rfd8 24. Kg2 Nf5 25. Qe4 Nd6 26. Qe2 Qf6 27. Be3 Re8 28. Rad1 Nc4 29. Rd3 Qg6 30. b3 Nxe3+ 31. Rxe3 f6 32. c4 Red8 33. Bd5+ Kh8 34. Qf3 Bd4 35. Rd3 Bc5 36. Rfd1 Re8 37. R3d2 Re5 38. Re2 Rce8 39. Rxe5 fxe5 40. Be4 Qb6 41. Qe2 Rf8 42. f3 Bd4 43. Bc2 g6 44. Qe4 Kg7 45. Rd2 Qf6 46. a3 Qg5 47. Re2 h5 48. b4 Rf4 49. Qb7+ Rf7 50. Qc6 h4 51. g4 Rf6 52. Qe4 Rf4 53. Qd3 Rf7 54. c5 Rf6 55. b5 Qf4 56. Kh1 Qg3 57. Rg2 Qh3+ 58. Rh2 Qg3 59. Rg2 Qe1+ 60. Kh2 h3 61. Kxh3 Qh1+ 62. Rh2 Rxf3+ 0-1


[Site "https://www.chess.com"]

[Event "Titled Tuesday Blitz July 25 Early 2023"]
[White "KSho99"]
[Black "Krutko, Anatoly"]
[BlackFideId "4185862"]
[WhiteElo "2221"]
[BlackElo "2559"]
[Result "0-1"]
[Round "1"]
[TimeControl "180+2"]
[Date "2023.07.25"]
[WhiteClock "0:00:15"]
[BlackClock "0:02:08"]
[Board "205"]

1. d4 Nf6 2. Nc3 d5 3. Bf4 c5 4. e4 cxd4 5. Qxd4 Nc6 6. Bb5 e6 7. exd5 exd5 8. Nf3 Be6 9. O-O Be7 10. Qa4 O-O 11. Bxc6 bxc6 12. Qxc6 Qa5 13. Qa4 Qxa4 14. Nxa4 Rac8 15. c3 Rc4 16. Nd4 Rxa4 17. b3 Ra6 18. Rfe1 Ne4 0-1


[Site "https://www.chess.com"]

[Event "Titled Tuesday Blitz July 25 Early 2023"]
[White "Nurgaliyeva, Zarina"]
[Black "Kuchava, Ana"]
[WhiteFideId "13730096"]
[BlackFideId "13605348"]
[WhiteElo "2558"]
[BlackElo "2219"]
[Result "1-0"]
[Round "1"]
[TimeControl "180+2"]
[Date "2023.07.25"]
[WhiteClock "0:01:57"]
[BlackClock "0:00:16"]
[Board "206"]

1. e4 c5 2. Nf3 d6 3. Bb5+ Bd7 4. Bxd7+ Qxd7 5. c4 Nc6 6. d4 cxd4 7. Nxd4 Nf6 8. Nc3 g6 9. b3 Bg7 10. Bb2 O-O 11. O-O a6 12. Nxc6 bxc6 13. Na4 Rab8 14. Qe2 Rfd8 15. Rfd1 Qc7 16. e5 Ne8 17. e6 f5 18. c5 Bxb2 19. Qxb2 Nf6 20. cxd6 Rxd6 21. Nc5 Rbd8 22. Rxd6 Qxd6 23. Qc2 Ra8 24. Rd1 Nd5 25. h4 a5 26. h5 Kg7 27. a3 Rb8 28. Qb2+ Kg8 29. h6 1-0


[Site "https://www.chess.com"]

[Event "Titled Tuesday Blitz July 25 Early 2023"]
[White "Sariego Figueredo, Wilfredo"]
[Black "Garv Gaur"]
[WhiteFideId "3500080"]
[BlackFideId "45030839"]
[WhiteElo "2210"]
[BlackElo "2558"]
[Result "0-1"]
[Round "1"]
[TimeControl "180+2"]
[Date "2023.07.25"]
[WhiteClock "0:00:13"]
[BlackClock "0:00:55"]
[Board "207"]

1. d4 Nf6 2. c4 e6 3. g4 Nxg4 4. Nf3 d5 5. Nc3 Nf6 6. Rg1 Nbd7 7. Bg5 c6 8. e4 dxe4 9. Nxe4 Bb4+ 10. Ned2 Be7 11. Bd3 c5 12. Bf4 cxd4 13. Qc2 g6 14. h4 Nc5 15. Be5 Nxd3+ 16. Qxd3 Bd7 17. Qxd4 Bc6 18. Qc3 Rg8 19. O-O-O Nd7 20. Bd4 Qc7 21. Ng5 e5 22. Be3 h6 23. Nge4 f5 24. Bxh6 fxe4 25. h5 O-O-O 26. hxg6 Nc5 27. Kb1 Nd3 28. g7 Bc5 29. Rdf1 Bd4 30. Qa3 Qb6 31. Nb3 Bxb2 32. Qe7 Bd4 33. c5 Nxc5 34. Qf7 Bd5 35. Qf5+ Be6 36. Qg6 Nxb3 37. Qxe6+ Qxe6 38. axb3 Qxb3+ 39. Kc1 Qb2+ 40. Kd1 Bc3+ 41. Bd2 Qxd2# 0-1


[Site "https://www.chess.com"]

[Event "Titled Tuesday Blitz July 25 Early 2023"]
[White "Yurovskykh, Oleksandr"]
[Black "Kiseleva, Arina"]
[WhiteFideId "14134020"]
[BlackFideId "4164989"]
[WhiteElo "2557"]
[BlackElo "2204"]
[Result "1-0"]
[Round "1"]
[TimeControl "180+2"]
[Date "2023.07.25"]
[WhiteClock "0:01:51"]
[BlackClock "0:01:03"]
[Board "208"]

1. d4 Nf6 2. Nf3 e6 3. Bf4 c5 4. e3 d5 5. c3 Nc6 6. Nbd2 Bd6 7. Bg3 O-O 8. Bb5 a6 9. Bxc6 bxc6 10. Ne5 Bb7 11. Nd3 cxd4 12. cxd4 Ne4 13. Bxd6 Qxd6 14. Nxe4 dxe4 15. Nc5 Bc8 16. Nxe4 Qb4+ 17. Qd2 Qe7 18. Qc3 Bd7 19. O-O Rab8 20. Rfc1 Rfc8 21. b3 Be8 22. Qc5 Qc7 23. Nd6 Bd7 24. Nxc8 Rxc8 25. Rc4 a5 26. Rac1 h6 27. Ra4 Ra8 28. b4 Qb7 29. Rxa5 Rxa5 30. Qxa5 1-0


[Site "https://www.chess.com"]

[Event "Titled Tuesday Blitz July 25 Early 2023"]
[White "Tqebuchava, Zurab"]
[Black "Ozates, Tuna"]
[WhiteFideId "13601113"]
[BlackFideId "6354521"]
[WhiteElo "2204"]
[BlackElo "2557"]
[Result "0-1"]
[Round "1"]
[TimeControl "180+2"]
[Date "2023.07.25"]
[WhiteClock "0:00:02"]
[BlackClock "0:00:08"]
[Board "209"]

1. e4 c5 2. Nf3 Nc6 3. Bb5 e6 4. Bxc6 bxc6 5. O-O Ne7 6. b3 f6 7. c3 Ng6 8. d4 cxd4 9. Nxd4 c5 10. Nf3 Qc7 11. Na3 Ba6 12. Re1 Bd6 13. Be3 O-O 14. Qd2 f5 15. Rad1 fxe4 16. Qxd6 Qa5 17. Ne5 Nxe5 18. Qxe5 Qxa3 19. Bxc5 Qxa2 20. Bxf8 Rxf8 21. Qg3 Bd3 22. b4 Qc4 23. Qe5 Qa2 24. Qd4 d5 25. Ra1 Qd2 26. Red1 Qg5 27. Rxa7 h5 28. Qe3 Qg4 29. Rda1 Rf3 30. Qd4 Rf6 31. h3 Qg5 32. Rc7 Rg6 33. Ra8+ Kh7 34. g3 h4 35. Rcc8 Qc1+ 36. Kh2 hxg3+ 37. fxg3 Qd2+ 38. Kh1 Rxg3 39. Rh8+ Kg6 40. Qxg7+ Kxg7 41. Rhg8+ Kf6 42. Rxg3 Be2 43. Rf8+ Ke7 44. Rf2 Qe1+ 0-1


[Site "https://www.chess.com"]

[Event "Titled Tuesday Blitz July 25 Early 2023"]
[White "Richter, Nils"]
[Black "Ruge, Edison"]
[WhiteFideId "12990809"]
[BlackFideId "4401000"]
[WhiteElo "2556"]
[BlackElo "2196"]
[Result "1/2-1/2"]
[Round "1"]
[TimeControl "180+2"]
[Date "2023.07.25"]
[WhiteClock "0:00:15"]
[BlackClock "0:00:05"]
[Board "210"]

1. d4 d5 2. c4 e5 3. dxe5 d4 4. Nf3 Nc6 5. a3 Bg4 6. Nbd2 a5 7. b3 Nge7 8. Bb2 Ng6 9. h3 Be6 10. g3 Ngxe5 11. Nxe5 Nxe5 12. Bg2 Rb8 13. O-O Nc6 14. Nf3 Bc5 15. Qc2 O-O 16. Rad1 Qd7 17. e3 Bxh3 18. Nxd4 Bxg2 19. Kxg2 Nxd4 20. exd4 Be7 21. d5 Qg4 22. Rh1 Qg6 23. Qxg6 fxg6 24. Rhe1 Rf7 25. Re2 Rbf8 26. Rd3 Bc5 27. f3 g5 28. Re4 h5 29. Re5 Rf5 30. Rxf5 Rxf5 31. Bc3 Bxa3 32. Bxa5 b6 33. Bd2 g4 34. fxg4 hxg4 35. b4 Bb2 36. Bf4 Be5 37. Bxe5 Rxe5 38. Kf2 Re4 39. c5 bxc5 40. bxc5 Kf7 41. c6 Rc4 42. Ke3 Ke7 43. Rd4 Rc3+ 44. Kf4 Kd6 45. Kxg4 Rc5 46. Kf5 Rxd5+ 47. Rxd5+ Kxd5 48. Kg6 Kxc6 49. Kxg7 Kd6 50. g4 c5 51. g5 c4 52. g6 c3 53. Kf7 c2 54. g7 c1=Q 55. g8=Q Qf4+ 56. Kg6 Qg4+ 57. Kh7 Qxg8+ 58. Kxg8 1/2-1/2


[Site "https://www.chess.com"]

[Event "Titled Tuesday Blitz July 25 Early 2023"]
[White "Smietanska, Wiktoria"]
[Black "Przybylski, Wojciech"]
[WhiteFideId "21869359"]
[BlackFideId "1117599"]
[WhiteElo "2193"]
[BlackElo "2556"]
[Result "0-1"]
[Round "1"]
[TimeControl "180+2"]
[Date "2023.07.25"]
[WhiteClock "0:00:01"]
[BlackClock "0:00:28"]
[Board "211"]

1. c4 e5 2. Nc3 Nf6 3. Nf3 Nc6 4. e4 Bc5 5. Nxe5 Bxf2+ 6. Kxf2 Nxe5 7. d4 Ng6 8. h4 h5 9. Bg5 d6 10. Nd5 Ng4+ 11. Qxg4 Bxg4 12. Bxd8 Kxd8 13. Be2 Bxe2 14. Kxe2 Re8 15. Kf3 c6 16. Ne3 Kc7 17. Nf5 Rg8 18. g4 hxg4+ 19. Kxg4 Nf8 20. Kf3 Re8 21. Rhg1 g6 22. Ne3 Rh8 23. Rh1 Ne6 24. Rad1 Ref8 25. d5 Ng7 26. Rdg1 Nh5 27. Rg5 Re8 28. Ng4 Rxe4 29. Kxe4 Ng3+ 30. Kf3 Nxh1 31. h5 gxh5 32. Nf6 h4 33. Nh5 Ng3 34. Nxg3 hxg3 35. Rxg3 Kd7 36. Rg7 Ke7 37. dxc6 bxc6 38. Ke4 Rh2 39. b4 Rxa2 40. Rg8 Ra4 41. Rb8 a5 42. Rb7+ Ke6 43. bxa5 Rxc4+ 44. Kd3 Ra4 45. Ra7 f5 46. a6 Kd5 47. Ra8 c5 48. a7 Ra3+ 49. Kc2 f4 50. Kb2 Ra6 51. Kc2 f3 52. Kd3 Ra3+ 53. Kd2 Kc4 54. Ke1 Ra2 55. Kf1 f2 56. Kg2 d5 57. Kf1 d4 0-1


[Site "https://www.chess.com"]

[Event "Titled Tuesday Blitz July 25 Early 2023"]
[White "Bagrationi, Alexander"]
[Black "Jahnz, Fabian"]
[WhiteFideId "14104954"]
[BlackFideId "4653300"]
[WhiteElo "2556"]
[BlackElo "2184"]
[Result "1-0"]
[Round "1"]
[TimeControl "180+2"]
[Date "2023.07.25"]
[WhiteClock "0:00:42"]
[BlackClock "0:00:26"]
[Board "212"]

1. d4 d5 2. g3 Nf6 3. Bg2 Bf5 4. Nf3 c6 5. O-O e6 6. c4 Be7 7. b3 O-O 8. Bb2 Nbd7 9. Nbd2 Bg6 10. Nh4 Rc8 11. Nxg6 hxg6 12. e4 dxe4 13. Nxe4 Nxe4 14. Bxe4 Nf6 15. Bg2 Qc7 16. Qe2 Rfd8 17. Rfd1 c5 18. dxc5 Bxc5 19. Be5 Qb6 20. Bf3 a5 21. Kg2 Nd7 22. Bc3 Nf6 23. Be1 Bd4 24. Rab1 Bc5 25. Rxd8+ Rxd8 26. Rd1 Rd6 27. Rxd6 Bxd6 28. Bd2 Nd7 29. Qe4 Nc5 30. Be3 Nxe4 31. Bxb6 Nc3 32. Bxa5 Nxa2 33. Bxb7 Nb4 34. Kf3 Kf8 35. Be4 Ke7 36. Bb6 Na6 37. Ke2 Nc5 38. Bc2 Na6 39. h4 Nb4 40. Be4 Kf6 41. Kd2 Ke5 42. Bb7 Kf5 43. c5 Be5 44. Ba5 Nd5 45. Bxd5 exd5 46. b4 Bd4 47. f3 Bf2 48. Bc7 Ke6 49. c6 f6 50. b5 d4 51. b6 Kd5 52. b7 1-0


[Site "https://www.chess.com"]

[Event "Titled Tuesday Blitz July 25 Early 2023"]
[White "Francisco_Ferrari"]
[Black "Banzea, Alexandru-Bogdan"]
[BlackFideId "1232622"]
[WhiteElo "2180"]
[BlackElo "2554"]
[Result "0-1"]
[Round "1"]
[TimeControl "180+2"]
[Date "2023.07.25"]
[WhiteClock "0:00:09"]
[BlackClock "0:00:06"]
[Board "213"]

1. c4 Nf6 2. Nc3 c5 3. Nf3 g6 4. d4 cxd4 5. Nxd4 Bg7 6. e4 O-O 7. Be2 Nc6 8. Be3 d6 9. O-O Bd7 10. h3 Nxd4 11. Bxd4 Bc6 12. Qc2 Nd7 13. Bxg7 Kxg7 14. Rad1 Rc8 15. Bg4 Rc7 16. b3 a6 17. Qb2 Kg8 18. Bxd7 Rxd7 19. Nd5 Bxd5 20. exd5 e5 21. dxe6 fxe6 22. Rfe1 d5 23. Qd4 Rff7 24. cxd5 Rxd5 25. Qg4 Qb6 26. Rf1 Kg7 27. Qg3 Qd8 28. Qc3+ Rf6 29. Rde1 Qd6 30. Re3 Rd4 31. Rfe1 Qf4 32. Rf3 Qd2 33. Qc7+ Rd7 34. Qc3 Qxc3 35. Rxc3 Kf7 36. Rce3 Rd2 37. R1e2 Rxe2 38. Rxe2 Rf5 39. Kh2 Rc5 40. Kg3 Kf6 41. f3 Rc3 42. Re4 e5 43. Rb4 b5 44. a4 bxa4 45. bxa4 Ra3 46. Rb6+ Kf5 47. Rxa6 h5 48. Kf2 Ra2+ 49. Kg1 g5 50. Kh2 h4 51. Kg1 Kf4 52. a5 Kg3 53. Ra8 Ra1# 0-1


[Site "https://www.chess.com"]

[Event "Titled Tuesday Blitz July 25 Early 2023"]
[White "FoxOnTheRun97"]
[Black "Novikova, Margarita"]
[BlackFideId "14109689"]
[WhiteElo "2554"]
[BlackElo "2178"]
[Result "1-0"]
[Round "1"]
[TimeControl "180+2"]
[Date "2023.07.25"]
[WhiteClock "0:00:09"]
[BlackClock "0:00:02"]
[Board "214"]

1. d4 d5 2. c4 e6 3. Nc3 Nf6 4. Bg5 h6 5. Bxf6 gxf6 6. cxd5 exd5 7. e3 c6 8. Nge2 Bg4 9. Qb3 Qb6 10. Nf4 Qxb3 11. axb3 Bd6 12. g3 Bf3 13. Rg1 Nd7 14. Bd3 O-O 15. Bf5 Rfd8 16. Nd3 Nf8 17. b4 a6 18. Na4 Re8 19. Kd2 Be4 20. Bxe4 dxe4 21. Ndc5 Re7 22. Nb6 Rd8 23. Nc4 Bb8 24. Kc3 Ba7 25. g4 Ng6 26. Nd2 Nh4 27. Ndxe4 Nf3 28. Rg3 Nh4 29. Nxf6+ Kg7 30. Nh5+ Kg6 31. Nf4+ Kg7 32. Nfd3 Ng6 33. f4 Bb8 34. Rf1 Rde8 35. Ne5 f6 36. Nxg6 Kxg6 37. Kd3 Bd6 38. h4 b6 39. Nb3 Bxb4 40. h5+ Kg7 41. Rc1 Re6 42. Rf3 a5 43. Nd2 Rd6 44. Rf2 c5 45. Nc4 Rde6 46. d5 R6e7 47. Re2 b5 48. Nd6 c4+ 49. Nxc4 bxc4+ 50. Rxc4 Rd7 51. e4 Red8 52. Rec2 Kf7 53. Rc6 Ke7 54. Re6+ Kf7 55. Rcc6 Be7 56. Ra6 Rb8 57. Reb6 Rxb6 58. Rxb6 Ra7 59. e5 fxe5 60. fxe5 Ke8 61. Rxh6 a4 62. d6 Bxd6 63. Rxd6 Ke7 64. Ke4 Ra5 65. Kf5 Rb5 66. Ra6 Rxb2 67. Ra7+ Ke8 68. Rxa4 Rf2+ 69. Ke6 Kf8 70. Ra7 Kg8 71. h6 1-0


[Site "https://www.chess.com"]

[Event "Titled Tuesday Blitz July 25 Early 2023"]
[White "SoyuzTM4"]
[Black "Olenik Campa, Rudi"]
[BlackFideId "14633264"]
[WhiteElo "2177"]
[BlackElo "2554"]
[Result "1/2-1/2"]
[Round "1"]
[TimeControl "180+2"]
[Date "2023.07.25"]
[WhiteClock "0:00:01"]
[BlackClock "0:00:35"]
[Board "215"]

1. e4 c5 2. Nf3 g6 3. c3 Bg7 4. d4 cxd4 5. cxd4 d5 6. exd5 Nf6 7. Bb5+ Bd7 8. Bc4 O-O 9. O-O b5 10. Bb3 a5 11. a3 Na6 12. Nc3 Nc7 13. d6 exd6 14. Bf4 b4 15. axb4 axb4 16. Rxa8 Qxa8 17. Ne2 Ne4 18. Ng3 Nxg3 19. hxg3 Nb5 20. Qd3 Qb8 21. Re1 Re8 22. Rxe8+ Bxe8 23. Qc4 Na7 24. Ng5 Qb5 25. Bxd6 Qxc4 26. Bxc4 Bxd4 27. Bxb4 Bxb2 28. Ne4 Bc6 29. Nd6 Kg7 30. Nxf7 Nc8 31. Nd8 Bd7 32. Ne6+ Bxe6 33. Bxe6 Bf6 34. Bc5 Ne7 35. Kf1 Nc6 36. f3 Be5 37. g4 Bf4 38. Bd5 Nd8 39. Be7 Nf7 40. Bxf7 Kxf7 41. Bb4 Ke6 42. Kf2 Kd5 43. g3 Be5 44. Bd2 Bd4+ 45. Be3 Bc3 46. Bf4 Bf6 47. g5 Ba1 48. Ke3 Bd4+ 49. Kd3 Bf2 50. g4 Bc5 51. Bd2 Bd6 52. f4 Bc7 53. f5 gxf5 54. gxf5 Ke5 55. g6 hxg6 56. fxg6 Kf6 1/2-1/2


[Site "https://www.chess.com"]

[Event "Titled Tuesday Blitz July 25 Early 2023"]
[White "Andreev, Konstantin"]
[Black "Sankalan Shah"]
[WhiteFideId "24239305"]
[BlackFideId "25600362"]
[WhiteElo "2553"]
[BlackElo "2176"]
[Result "0-1"]
[Round "1"]
[TimeControl "180+2"]
[Date "2023.07.25"]
[WhiteClock "0:00:58"]
[BlackClock "0:00:16"]
[Board "216"]

1. e4 c5 2. Nf3 Nc6 3. Nc3 Nf6 4. d4 cxd4 5. Nxd4 e5 6. Ndb5 d6 7. Bg5 a6 8. Na3 b5 9. Bxf6 gxf6 10. Nd5 f5 11. Bd3 Be6 12. O-O Rg8 13. Kh1 Bxd5 14. exd5 Ne7 15. Nxb5 Qb6 16. Nc3 Qxb2 17. Qd2 Rc8 18. Ne2 Qa3 19. Rab1 e4 20. Rb3 Qxa2 21. Nc1 Qa4 22. Be2 Rg6 23. f4 exf3 24. Rfxf3 Bh6 25. Qd1 Qa1 26. Rf1 Bxc1 27. Qxc1 Qxc1 28. Rd1 Qxc2 29. Re3 Kf8 30. Rf1 Rc3 0-1


[Site "https://www.chess.com"]

[Event "Titled Tuesday Blitz July 25 Early 2023"]
[White "Kochiev, Ivan"]
[Black "Mishra, Manoj"]
[WhiteFideId "2917890"]
[BlackFideId "5006007"]
[WhiteElo "2550"]
[BlackElo "2165"]
[Result "1-0"]
[Round "1"]
[TimeControl "180+2"]
[Date "2023.07.25"]
[WhiteClock "0:00:09"]
[BlackClock "0:00:11"]
[Board "218"]

1. e4 Nf6 2. e5 Nd5 3. d4 d6 4. c4 Nb6 5. exd6 cxd6 6. Nf3 Bg4 7. h3 Bxf3 8. Qxf3 Nc6 9. Be3 g6 10. Nc3 Bg7 11. Rd1 O-O 12. Be2 e6 13. O-O d5 14. cxd5 Nxd5 15. Bc4 Nxe3 16. fxe3 Qb6 17. b3 Rac8 18. Na4 Qc7 19. Nc5 b6 20. Ne4 Ne7 21. Nf6+ Bxf6 22. Qxf6 Nf5 23. Rf3 Qd8 24. Qe5 Qg5 25. Kh1 h5 26. Rf4 Ng3+ 27. Kh2 Qxe5 28. dxe5 Nf5 29. Rd7 Nxe3 30. Rxa7 b5 31. Bxb5 Rc1 32. Bd3 g5 33. Rf3 Re1 34. Rg3 g4 35. Ra4 Rd8 36. Ba6 Rdd1 37. Rxe3 Rxe3 38. hxg4 hxg4 39. Rxg4+ Kf8 40. Bc4 Rxe5 41. a4 f5 42. Rg6 Kf7 43. Rh6 f4 44. Rh4 Re4 45. a5 Ra1 46. a6 Kf6 47. Rh6+ Ke7 48. a7 Kd6 49. Kh3 Re3+ 50. Kg4 Rg3+ 51. Kxf4 Rxg2 52. Rxe6+ Kd7 53. Ra6 Rf2+ 54. Ke3 Rxa6 55. Bxa6 Rf8 56. Bb7 Re8+ 57. Kd3 Kc7 58. a8=Q Rxa8 59. Bxa8 Kb8 60. Bd5 Ka7 61. Kc4 Kb6 62. b4 Kc7 63. b5 Kb8 64. Kc5 Ka7 65. b6+ Kb8 66. Kc6 Kc8 67. Be4 Kb8 68. b7 Ka7 69. Kc7 Ka6 70. b8=Q 1-0


[Site "https://www.chess.com"]

[Event "Titled Tuesday Blitz July 25 Early 2023"]
[White "Luxama, Jacques Muller"]
[Black "Bilan, Danila"]
[WhiteFideId "11900113"]
[BlackFideId "24161918"]
[WhiteElo "2164"]
[BlackElo "2549"]
[Result "1-0"]
[Round "1"]
[TimeControl "180+2"]
[Date "2023.07.25"]
[WhiteClock "0:01:51"]
[BlackClock "0:00:02"]
[Board "219"]

1. e4 c6 2. d4 d5 3. Nc3 dxe4 4. Nxe4 Bf5 5. Ng3 Bg6 6. Nf3 Nd7 7. h4 h6 8. h5 Bh7 9. Bd3 Bxd3 10. Qxd3 Qc7 11. Bd2 e6 12. O-O-O Bd6 13. Ne4 Ngf6 14. Nxd6+ Qxd6 15. Kb1 Qd5 16. Qe2 b5 17. Ne5 Ne4 18. Nxd7 Kxd7 19. Bc1 a5 20. Rh4 Nd6 21. Qg4 Rhg8 22. Rhh1 a4 23. Bf4 Nc4 24. Bc1 b4 25. Rhe1 Rab8 26. b3 axb3 27. axb3 Na3+ 28. Bxa3 bxa3 29. Re5 Qd6 30. Ra5 Ra8 31. Rxa8 Rxa8 32. Qxg7 a2+ 33. Ka1 Ke7 34. Qxh6 Qb4 35. Qg5+ Kd7 36. Qd2 Qb5 37. Qf4 Qxh5 38. Qxf7+ Kd6 39. Qxh5 1-0


[Site "https://www.chess.com"]

[Event "Titled Tuesday Blitz July 25 Early 2023"]
[White "Galiot, Goran"]
[Black "Sanudula, K M Dahamdi"]
[WhiteFideId "931560"]
[BlackFideId "9932470"]
[WhiteElo "2548"]
[BlackElo "2155"]
[Result "1-0"]
[Round "1"]
[TimeControl "180+2"]
[Date "2023.07.25"]
[WhiteClock "0:00:38"]
[BlackClock "0:00:53"]
[Board "220"]

1. d4 Nf6 2. c4 e6 3. Nc3 d5 4. Bg5 Be7 5. e3 O-O 6. Nf3 b6 7. Qc2 Bb7 8. O-O-O Nbd7 9. Kb1 Ne4 10. Bxe7 Qxe7 11. Nxe4 dxe4 12. Nd2 f5 13. f3 exf3 14. Nxf3 c5 15. d5 exd5 16. cxd5 Ne5 17. d6 Qf6 18. Nxe5 Qxe5 19. Qd2 Rad8 20. Ka1 Rf6 21. d7 Kh8 22. Bb5 Rf7 23. Qd6 Qxd6 24. Rxd6 Bxg2 25. Rg1 Bb7 26. Re6 h6 27. Re8+ Rf8 28. Rd1 Rg8 29. Rd6 Kh7 30. Rxg8 Kxg8 31. Re6 Bc8 32. Re8+ 1-0


[Site "https://www.chess.com"]

[Event "Titled Tuesday Blitz July 25 Early 2023"]
[White "Sailer, Mike"]
[Black "Zavgorodniy, Sergiy"]
[WhiteFideId "2012901"]
[BlackFideId "14110148"]
[WhiteElo "2155"]
[BlackElo "2548"]
[Result "0-1"]
[Round "1"]
[TimeControl "180+2"]
[Date "2023.07.25"]
[WhiteClock "0:00:10"]
[BlackClock "0:00:52"]
[Board "221"]

1. d4 Nf6 2. Nc3 c5 3. d5 e5 4. e4 d6 5. Bb5+ Nbd7 6. a4 g6 7. h4 Bg7 8. Nge2 a6 9. Bxd7+ Bxd7 10. Ng3 h6 11. h5 g5 12. Nf5 Bxf5 13. exf5 O-O 14. O-O Re8 15. Re1 e4 16. a5 Qd7 17. g4 Re5 18. Ra4 Rae8 19. Be3 b5 20. axb6 Qb7 21. b4 Nxd5 22. Nxd5 Rxd5 23. Qe2 Qxb6 24. bxc5 dxc5 25. Rxa6 Qb2 26. Qc4 Qe5 27. Rc6 Red8 28. Bxc5 Rd1 29. Qe2 Qa1 30. Rxd1 Rxd1+ 31. Qxd1 Qxd1+ 32. Kh2 Qxg4 33. f6 Qf4+ 34. Kg1 Bxf6 0-1


[Site "https://www.chess.com"]

[Event "Titled Tuesday Blitz July 25 Early 2023"]
[White "Fieberg, Samuel"]
[Black "Kiseljova, Marya"]
[WhiteFideId "12901717"]
[BlackFideId "4155009"]
[WhiteElo "2547"]
[BlackElo "2138"]
[Result "1-0"]
[Round "1"]
[TimeControl "180+2"]
[Date "2023.07.25"]
[WhiteClock "0:00:38"]
[BlackClock "0:00:03"]
[Board "222"]

1. Nf3 d5 2. g3 Nd7 3. Bg2 Nb6 4. O-O Nf6 5. d4 Bf5 6. c3 e6 7. Nbd2 h6 8. Re1 Be7 9. Ne5 O-O 10. e4 dxe4 11. Nxe4 Nxe4 12. Bxe4 Bxe4 13. Rxe4 Nd5 14. Re1 c5 15. Qb3 cxd4 16. cxd4 Qb6 17. Qxb6 Nxb6 18. Be3 Rac8 19. Rec1 Nd5 20. Bd2 Rfd8 21. Rxc8 Rxc8 22. Rc1 Rxc1+ 23. Bxc1 a6 24. a3 Bd6 25. Nc4 Bc7 26. Kf1 Kf8 27. Ke2 Ke7 28. Kd3 h5 29. h4 g6 30. b4 b5 31. Nd2 Kd6 32. Ne4+ Kc6 33. Nc5 Kb6 34. Ne4 a5 35. bxa5+ Kxa5 36. Ng5 Nf6 37. Nxf7 Ng4 38. Ke2 Bb6 39. f3 Nf6 40. Kd3 Bc7 41. Ne5 Ka4 42. g4 hxg4 43. Nxg4 Nd5 44. Ne5 Ne7 45. Nd7 Nf5 46. Nc5+ Ka5 47. Nxe6 Nxh4 48. Nxc7 Nxf3 49. Ne6 g5 50. d5 g4 51. d6 g3 52. Nf4 Ne5+ 53. Ke4 Nd7 54. Kd5 Kb6 55. Be3+ Kb7 56. Ke6 Kc6 57. Nd3 g2 58. Nb4+ Kb7 59. Kxd7 Kb8 60. Ke8 Kb7 61. d7 Kc7 62. Bg1 Kb7 63. Nd5 b4 64. d8=Q bxa3 65. Qb6+ Ka8 66. Qa7# 1-0


[Site "https://www.chess.com"]

[Event "Titled Tuesday Blitz July 25 Early 2023"]
[White "djjohnnywoo"]
[Black "Yaran, Siar"]
[BlackFideId "6323006"]
[WhiteElo "2131"]
[BlackElo "2546"]
[Result "0-1"]
[Round "1"]
[TimeControl "180+2"]
[Date "2023.07.25"]
[WhiteClock "0:00:11"]
[BlackClock "0:01:13"]
[Board "223"]

1. g3 e5 2. Bg2 Nf6 3. e4 Bc5 4. h3 d5 5. Nc3 dxe4 6. Nxe4 Nxe4 7. Bxe4 Bxf2+ 8. Kxf2 Qd4+ 9. Kf1 Qxe4 10. Rh2 O-O 11. d3 Qg6 12. Qf3 Nc6 13. Ne2 Be6 14. Be3 Rad8 15. Nc3 Nd4 16. Qf2 c5 17. Kg1 f5 18. Rg2 Qh5 19. Kh2 f4 20. Bxd4 Qxh3+ 21. Kg1 cxd4 22. Ne4 Bd5 23. Rh2 Qf5 24. Rf1 Bxe4 25. dxe4 Qxe4 26. g4 Qg6 27. Qh4 e4 28. Kh1 e3 29. Qg3 fxg3 0-1


[Site "https://www.chess.com"]

[Event "Titled Tuesday Blitz July 25 Early 2023"]
[White "Souleidis, Georgios"]
[Black "Lisjak, Zlatko"]
[WhiteFideId "4206827"]
[BlackFideId "14502186"]
[WhiteElo "2544"]
[BlackElo "2130"]
[Result "1-0"]
[Round "1"]
[TimeControl "180+2"]
[Date "2023.07.25"]
[WhiteClock "0:01:47"]
[BlackClock "0:00:01"]
[Board "224"]

1. e4 d6 2. d4 Nf6 3. Nc3 c6 4. f4 Qa5 5. Bd3 e5 6. Nf3 Nbd7 7. O-O Be7 8. Kh1 O-O 9. Qe1 Qc7 10. a4 b6 11. dxe5 dxe5 12. fxe5 Nxe5 13. Nxe5 Qxe5 14. Bf4 Qf5 15. exf5 Re8 16. h3 Bd7 17. Qf2 Bc5 18. Qf3 1-0


[Site "https://www.chess.com"]

[Event "Titled Tuesday Blitz July 25 Early 2023"]
[White "Hrescak, Ivana"]
[Black "Gontcharov, Vladislav"]
[WhiteFideId "14613441"]
[BlackFideId "4123492"]
[WhiteElo "2129"]
[BlackElo "2544"]
[Result "1/2-1/2"]
[Round "1"]
[TimeControl "180+2"]
[Date "2023.07.25"]
[WhiteClock "0:00:06"]
[BlackClock "0:00:01"]
[Board "225"]

1. e4 e6 2. d4 d5 3. Nc3 Bb4 4. e5 Qd7 5. Qg4 Bf8 6. f4 b6 7. Nf3 Ba6 8. Be3 Bxf1 9. Rxf1 Nh6 10. Qh3 Nf5 11. Bg1 c5 12. g4 Nxd4 13. Bxd4 cxd4 14. Nxd4 Nc6 15. O-O-O Nxd4 16. Rxd4 O-O-O 17. Rfd1 h5 18. g5 Kb8 19. Qd3 Bc5 20. Ra4 Qc6 21. Qa6 Rd7 22. Nb5 Qb7 23. Qxb7+ Rxb7 24. c4 dxc4 25. Rxc4 Rc8 26. Kb1 a6 27. Nd6 Bxd6 28. Rxc8+ Kxc8 29. Rxd6 Rd7 30. Rxb6 Rd4 31. Rxa6 Rxf4 32. Ra7 g6 33. a4 h4 34. a5 h3 35. a6 Kb8 36. Rb7+ Ka8 37. b4 Rf5 38. b5 Rxe5 39. b6 Rxg5 40. Rxf7 Rb5+ 41. Kc2 Rxb6 42. Rh7 Rxa6 43. Rxh3 g5 44. Rg3 Ra2+ 45. Kd3 Ra5 46. Re3 Ra6 47. Ke4 Kb7 48. Ke5 Kc7 49. Rg3 Ra5+ 50. Kxe6 Ra2 51. Rxg5 Rxh2 52. Rg7+ Kb6 53. Rg6 Kc5 54. Kf5 1/2-1/2


[Site "https://www.chess.com"]

[Event "Titled Tuesday Blitz July 25 Early 2023"]
[White "Goffredo_Fofi"]
[Black "Dahlgren, James Allen"]
[BlackFideId "22256873"]
[WhiteElo "2543"]
[BlackElo "2117"]
[Result "1-0"]
[Round "1"]
[TimeControl "180+2"]
[Date "2023.07.25"]
[WhiteClock "0:01:37"]
[BlackClock "0:01:48"]
[Board "226"]

1. d4 e6 2. Nf3 c5 3. c3 Nf6 4. Bg5 d5 5. Nbd2 Be7 6. e3 Nc6 7. Bd3 h6 8. Bf4 O-O 9. Ne5 Bd7 10. h4 Nxe5 11. dxe5 Nh7 12. Qc2 f5 13. exf6 Nxf6 14. Nf3 b5 15. Ne5 c4 16. Bg6 Be8 17. g4 Bxg6 18. Qxg6 Qe8 19. g5 hxg5 20. hxg5 Qxg6 21. Nxg6 Rfe8 22. Nxe7+ Rxe7 23. gxf6 gxf6 24. Ke2 1-0


[Site "https://www.chess.com"]